 Dungeon Crawl Stone Soup version 0.28-a0-1038-g9c4cb8273d (webtiles) character file.

Game seed: 17841177737611421579

695 siradein the Shield-Bearer (level 7, -4/70 HPs)
             Began as a Troll Fighter on Dec 9, 2021.
             Slain by a scorpion (5 damage)
             ... on level 4 of the Dungeon.
             The game lasted 00:05:08 (2898 turns).

siradein the Shield-Bearer (Troll Fighter)          Turns: 2898, Time: 00:05:09

Health: -4/70      AC:  6    Str: 25    XL:     7   Next: 37%
Magic:  6/6        EV:  9    Int:  4    God:
Gold:   7          SH:  8    Dex: 11    Spells: 6/6 levels left

rFire   + . .      SeeInvis .   a - +0 flail
rCold   + . .      Faith    .   c - +0 kite shield
rNeg    . . .      Spirit   .   t - +2 robe {rC+ rF+}
rPois   .          Reflect  .   (helmet restricted)
rElec   .          Harm     .   (no cloak)
rCorr   .          Rampage  .   (gloves unavailable)
Will    .....                   (boots unavailable)
Stlth   +.........              (no amulet)
HPRegen 1.01/turn               (no ring)
MPRegen 0.10/turn               (no ring)

@: brilliant, lethally poisoned (-4 -> -6)
A: large, unfitting armour, claws 3, regeneration 1, shaggy fur 1, tough skin 1
a: no special abilities


You were on level 4 of the Dungeon.
You visited 1 branch of the dungeon, and saw 4 of its levels.

You collected 92 gold pieces.
You spent 85 gold pieces at shops.

Inventory:

Hand Weapons
 a - a +0 flail (weapon)
Missiles
 l - 19 poisoned darts (quivered)
 n - 2 throwing nets
Armour
 c - a +0 kite shield (worn)
 t - a +2 robe of resistance (worn)
Wands
 p - a wand of acid (7)
Scrolls
 e - a scroll of immolation {unknown}
 f - a scroll of teleportation {unknown}
 g - a scroll of enchant armour {unknown}
 q - a scroll of identify {unknown}
Potions
 b - a potion of heal wounds {unknown}
 d - a potion of might
 i - a potion of curing {unknown}
 j - 2 potions of brilliance
 k - 3 potions of mutation {unknown}
 o - a potion of ambrosia {unknown}
 r - a potion of attraction {unknown}
 s - a potion of resistance {unknown}


   Skills:
 + Level 4.1 Fighting
 + Level 4.0 Maces & Flails
 + Level 4.1 Dodging
 + Level 4.1 Shields


You had 6 spell levels left.
You didn't know any spells.
Your spell library contained the following spells:

 Spells                   Type           Power      Damage    Failure   Level
 Magic Dart               Conj           0%         1d3       85%         1
 Searing Ray              Conj           0%         2d4       94%         2
 Fulminant Prism          Conj/Hex       0%         3d6       100%        4


Dungeon Overview and Level Annotations

Branches:
Dungeon (4/15)
 Temple: D:4-7

Altars:

Shops:
D:1 [

Annotations:
D:3 1 runed translucent door, Crazy Yiuf


Innate Abilities, Weirdness & Mutations

You are too large for most types of armour.
You have claws for hands.
Your natural rate of healing is unusually fast.
You are covered in fur. (AC +1)
You have tough skin. (AC +1)


Message History

You barely miss the scorpion.
The scorpion is almost dead.
The scorpion stings you.
You are poisoned.
The scorpion poisons you! The scorpion stings you.
You are more poisoned.
The scorpion poisons you!
You barely miss the scorpion.
The scorpion is almost dead.
You feel extremely sick. The scorpion barely misses you.
You hit the scorpion but do no damage.
The scorpion is almost dead.
You feel very sick. You block the scorpion's attack. The scorpion stings you.
You barely miss the scorpion.
The scorpion is almost dead.
You feel very sick. You block the scorpion's attack. The scorpion stings you.
* * * LOW HITPOINT WARNING * * *
You closely miss the scorpion.
The scorpion is almost dead.
You feel sick. The scorpion stings you.
* * * LOW HITPOINT WARNING * * *
You closely miss the scorpion.
The scorpion is almost dead.
You feel sick. The scorpion stings you.
* * * LOW HITPOINT WARNING * * *
The scorpion stings you but does no damage.
You barely miss the scorpion.
The scorpion is almost dead.
You feel sick. The scorpion barely misses you. The scorpion stings you.
* * * LOW HITPOINT WARNING * * *
You are lethally poisoned!
The scorpion poisons you!
It was a potion of brilliance.
You feel clever all of a sudden.
* * * LOW HITPOINT WARNING * * *
You feel sick. The scorpion stings you.
You die...

.(........#.#
..........+.#
........#.#
...#....#+###
####.#.#......#
#......#......#
#.#.##g'......#
# #s#....(.#
#@#......#
#.#......#
#.#†######
#.#.#######
#.#...[...# ##
#.#.#####.# #.
#.### #.# #.
..# #.# #. #.#
#.


You could see a scorpion and a hobgoblin.

Vanquished Creatures
  A black bear (D:4)
  A necrophage (D:4)
  A centaur (D:4)
  A scorpion (D:4)
  A hound (D:2)
  2 bullfrog skeletons
  Jessica (D:3)
  Terence (D:3)
  A hound skeleton (D:4)
  Robin (D:2)
  15 adders
  3 worms
  A dart slug (D:1)
  An orc (D:3)
  11 ball pythons
  10 bats
  4 endoplasms
  3 giant cockroaches
  11 goblins
  9 hobgoblins
  A quokka (D:2)
  A ball python skeleton (D:3)
  4 frilled lizards
  6 kobolds
  5 rats
96 creatures vanquished.

Vanquished Creatures (others)
  4 fungi (D:3)
4 creatures vanquished.

Grand Total: 100 creatures vanquished

Notes
Turn   | Place    | Note
-------+----------+-------------------------------------------
     0 | D:1      | siradein the Troll Fighter began the quest for the Orb.
     0 | D:1      | Reached XP level 1. HP: 22/22 MP: 0/0
   112 | D:1      | Reached XP level 2. HP: 29/29 MP: 1/1
   155 | D:1      | Found Penwoz's Antique Armour Boutique.
   216 | D:1      | Found a faded altar of an unknown god.
   812 | D:2      | Reached XP level 3. HP: 36/36 MP: 2/2
  1055 | D:2      | Reached XP level 4. HP: 44/44 MP: 3/3
  1083 | D:2      | Noticed Robin
  1124 | D:2      | Killed Robin
  1505 | D:2      | Reached XP level 5. HP: 27/53 MP: 4/4
  1629 | D:3      | Noticed Terence
  1641 | D:3      | Killed Terence
  1973 | D:3      | Noticed Jessica
  1974 | D:3      | Killed Jessica
  2069 | D:3      | Reached XP level 6. HP: 43/61 MP: 5/5
  2382 | D:1      | Bought a glowing robe for 85 gold pieces
  2584 | D:3      | Found a runed translucent door.
  2585 | D:3      | Noticed Crazy Yiuf
  2731 | D:4      | Reached XP level 7. HP: 53/68 MP: 6/6
  2897 | D:4      | HP: 2/70 [scorpion (4)]
  2898 | D:4      | Slain by a scorpion

Illustrated notes

Levels and vault maps discovered:
D:1:      saegor_arrival_under_anarchy, layout_loops_ring,
          ebering_ecumenical_altar_sacrificial, serial_shops, nicolae_shop_stone
D:2:      layout_loops_ring, minmay_hexomino_u4, uniq_robin
D:3:      layout_rooms, st_stairs_11, minmay_snake_closets, uniq_jessica,
          uniq_crazy_yiuf_cottage, uniq_terence
D:4:      layout_basic, serial_shops, nicolae_stop_n_shop_1, bh_walls_and_bars

Skill      XL: |  1  2  3  4  5  6  7 |
---------------+----------------------+-----
Maces & Flails | 2 3 4 |  4.0
Fighting       | 3 4 |  4.1
Shields        | 3 4 |  4.1
Dodging        | 3 4 |  4.1

Action                   |  1- 3 |  4- 6 |  7- 9 || total
-------------------------+-------+-------+-------++-------
Melee: Flail             |   112 |   292 |    44 ||   448
  Use: Scroll            |       |     1 |       ||     1
       Potion            |       |       |     1 ||     1
Armor: Robe              |    67 |    33 |     9 ||   109
       Animal skin       |       |   115 |       ||   115
Dodge: Dodged            |    58 |   133 |    24 ||   215
Block: Kite shield       |    60 |   166 |    21 ||   247

Table legend: (Time is in decaauts)
 A = Elapsed time spent in this place.
 B = Non-inter-level travel time spent in this place.
 C = Inter-level travel time spent in this place.
 D = Time resting spent in this place.
 E = Time spent auto-exploring this place.
 F = Levels seen in this place.
 G = Mean time per level.
                   A        B        C        D        E       F      G
               +--------+--------+--------+--------+--------+-----+--------+
         Total |   3104 |   2823 |    281 |      0 |   1841 |   4 |  776.0 |
       Dungeon |   3104 |   2823 |    281 |      0 |   1841 |   4 |  776.0 |
               +--------+--------+--------+--------+--------+-----+--------+

Top non-repeatable levels by time:
     D:3: 976 daAuts
     D:2: 932 daAuts
     D:1: 923 daAuts
     D:4: 271 daAuts
